 Dungeon Crawl Stone Soup version 0.30-a0-972-gf3ab3527aa (webtiles) character file.

Game seed: 17126604653693077554

23 kae the Insei (level 2, 0/21 HPs)
             Began as a Demonspawn Transmuter on Mar 31, 2023.
             Slain by Terence
             ... wielding a +0 hand axe
              (3 damage)
             ... on level 2 of the Dungeon.
             The game lasted 00:00:39 (1097 turns).

kae the Insei (Demonspawn Transmuter)               Turns: 1097, Time: 00:00:40

Health: 0/21       AC:  2    Str: 10    XL:     2   Next: 72%
Magic:  4/5        EV: 12    Int: 14    God:
Gold:   39         SH:  0    Dex: 13    Spells: 4/5 levels left

rFire   . . .      SeeInvis .      - Unarmed
rCold   . . .      Faith    .    (no shield)
rNeg    . . .      Spirit   .    a - +0 robe
rPois   .          Reflect  .    (helmet currently unavailable)
rElec   .          Rampage  .    (no cloak)
rCorr   .                        (no gloves)
Will    .....                    (boots currently unavailable)
Stlth   +                        (no amulet)
HPRegen 0.23/turn                (no ring)
MPRegen 0.09/turn                (no ring)

@: appendages (expiring)
A: horns 2, talons 2, claws 1
a: End Transformation


You were on level 2 of the Dungeon.
You had temporarily grown beastly horns and talons.
You visited 1 branch of the dungeon, and saw 2 of its levels.

You collected 39 gold pieces.


Innate Abilities, Weirdness & Mutations

You have temporarily grown beastly horns and talons.
You have sharp fingernails.


   Skills:
 - Level 1.0 Fighting
 - Level 1.7 Dodging
 + Level 2.9 Unarmed Combat
 + Level 2.3 Spellcasting
 * Level 2.5 Transmutations


You had 4 spell levels left.
You knew the following spells:

 Your Spells              Type           Power      Damage    Failure   Level
a - Beastly Appendage     Tmut           16%        N/A       9%          1

Your spell library contained the following spells:

 Spells                   Type           Power      Damage    Failure   Level
 Wereblood                Tmut           8%         N/A       13%         2
 Spider Form              Tmut/Pois      5%         N/A       38%         3
 Ice Form                 Ice/Tmut       5%         N/A       80%         4

Inventory:

Missiles
 d - 33 stones
 e - 3 curare-tipped darts {=f}
Armour
 a - a +0 robe (worn)
Wands
 l - a wand of polymorph (13)
   (You found it on level 2 of the Dungeon)
Scrolls
 c - a scroll of amnesia {unknown}
 f - a scroll of identify {unknown}
 h - a scroll of blinking {unknown}
 k - a scroll of fear {unknown}
Potions
 b - 2 potions of lignification {!q}
 g - a potion of curing {unknown}
 i - a potion of heal wounds {unknown}
 j - a potion of ambrosia {unknown}

Dungeon Overview and Level Annotations

Branches:
Dungeon (2/15) Zot: 10904

Altars:

Annotations:
D:2 Terence

...............## #.
................## #.
.................# #####.
.................# #.....
................# #.....
...............# #.....
#.†...>.....#
#.....########)....)....#
#......##...@@............
#.........####†<..........
##.###..### ##...........
#......#### #...........
....##.....## ##..........
....#.....@.#...<.........
..............###.####....
...#............... ... ..
#.........#####.. ..


You could see Terence.


Message History

You take 5 damage, and now have 16/21 hp.
MASSIVE DAMAGE!! (PAUSE)
You scratch the ball python. Your kick misses the ball python.
The ball python bites you. The ball python constricts you.
You scratch the ball python.
You kill the ball python!
The bat hits you but does no damage. 😮 HP[-1]
You take 1 damage, and now have 15/21 hp.
The bat hits you. The bat closely misses you. 😮 MP[+1]
Your mp is fully restored (5).
The bat hits you but does no damage. The bat hits you. 😮 HP[-1]
You take 1 damage, and now have 14/21 hp.
Unknown command.
A bat is nearby!
You are too injured to fight recklessly!
You are too injured to fight recklessly!
A bat is nearby!
You are too injured to fight recklessly!
You are too injured to fight recklessly!
A bat is nearby!
You are too injured to fight recklessly!
You are too injured to fight recklessly!
A bat is nearby!
Unknown command.
A bat is nearby!
You claw the bat!
You kill the bat!
Your horns disappear.
Your talons disappear.
Unknown command.
l - a wand of polymorph (13) 😕 HP[+3]
You regained 3 hp, and now have 17/21 hp.
Key pressed, stopping explore.
Unknown command. 😕 HP[+1]
b - 2 potions of lignification {!q} (gained 1)
An endoplasm comes into view. 😎 HP[+3]
Your hp is fully restored (21).
An endoplasm is nearby!
An endoplasm is nearby!
An endoplasm is nearby!
Casting: Beastly Appendage (safe; 9% risk of failure)
Confirm with . or Enter, or press ? or * to list all spells.
You grow a pair of large bovine horns.
Your feet morph into talons.
The endoplasm quivers. 😎 MP[-1]
You lost 1 mp, and now have 4/5 mp.
The endoplasm jiggles.
You scratch the endoplasm. You claw the endoplasm.
You kill the endoplasm!
Your transformation is almost over.
Found a stone staircase leading up.
Terence and a hobgoblin come into view.
Terence is wielding a +0 hand axe and wearing a +2 chain mail of poison resistance.
Terence shouts!
The hobgoblin moves out of view. 😎 MP[+1]
Your mp is fully restored (5).
Unknown command.
Your horns disappear.
Your talons disappear.
Casting: Beastly Appendage (safe; 9% risk of failure)
Confirm with . or Enter, or press ? or * to list all spells.
You grow a pair of large bovine horns.
Your feet morph into talons. 😎 MP[-1]
You lost 1 mp, and now have 4/5 mp.
You scratch Terence but do no damage. You headbutt Terence, but do no damage.
Terence barely misses you.
You barely miss Terence. You claw Terence, but do no damage.
Terence closely misses you.
You scratch Terence. You headbutt Terence. Terence barely misses you.
You scratch Terence but do no damage.
Terence says, "Time to say good-bye..."
Terence hits you with a +0 hand axe!
You are too injured to fight recklessly! 😮 HP[-9]
You take 9 damage, and now have 12/21 hp.
MASSIVE DAMAGE!! (PAUSE)
You barely miss Terence. Your kick misses Terence.
You headbutt Terence, but do no damage. You claw Terence, but do no damage.
Terence hits you with a +0 hand axe.
* * * LOW HITPOINT WARNING * * *
😨 HP[-5]
You take 5 damage, and now have 7/21 hp.
MASSIVE DAMAGE!! (PAUSE)
You scratch Terence but do no damage. Your kick misses Terence.
Terence closely misses you.
You scratch Terence. You claw Terence. Your headbutt misses Terence.
Your transformation is almost over.
Terence hits you with a +0 hand axe.
* * * LOW HITPOINT WARNING * * *
😱 HP[-4]
You take 4 damage, and now have 3/21 hp.
You barely miss Terence. Terence hits you with a +0 hand axe.
You die...

Skill      XL: |  1 |
---------------+----+-----
Transmutations | 2 |  2.5
Fighting       | |  1.0
Dodging        | |  1.7
Unarmed Combat | |  2.9
Spellcasting   | |  2.3

Action                     || total
---------------------------++-------
  Melee: Unarmed           ||    57
         Kick              ||     9
         Headbutt          ||     8
         Punch             ||     1
   Cast: Beastly Appendage ||    15
   Stab: Sleeping          ||     1
 Armour: Robe              ||     6
  Dodge: Dodged            ||    36

Levels and vault maps discovered:
D:1:      nicolae_arrival_somewhat_less_tricky_arrival, layout_basic
D:2:      layout_rooms, basic_altar, hellmonk_ecumenical_altar_run_dry,
          chequers_arboretum, uniq_terence

Notes
Turn   | Place    | Note
-------+----------+-------------------------------------------
     0 | D:1      | kae the Demonspawn Transmuter began the quest for the Orb.
     0 | D:1      | Reached XP level 1. HP: 15/15 MP: 3/3
     0 | D:1      | magus.rc [v1.11.3]
   169 | D:1      | Reached skill level 2 in Transmutations
   297 | D:1      | Gained mutation: You have sharp fingernails. [demonic
                  | ancestry]
   297 | D:1      | Reached XP level 2. HP: 21/21 MP: 3/5
  1077 | D:2      | Noticed Terence
  1096 | D:2      | HP: 3/21 [Terence/+0 hand axe (4)]
  1097 | D:2      | Slain by Terence

Vanquished Creatures
  A dart slug (D:1)
  4 bats
  3 endoplasms
  2 quokkas (D:1)
  2 ball pythons
  A frilled lizard (D:1)
  2 goblins (D:1)
  4 kobolds
  A rat (D:2)
20 creatures vanquished.

Table legend:
 A = Non-vault XP
 B = Vault XP
 C = Vault XP percentage of total XP
 D = Non-vault monster count
 E = Vault monster count
 F = Vault count percentage of total count
                 A         B        C        D         E       F
            +---------+---------+-------+---------+---------+-------
      Total |      33 |       0 |   0.0 |      20 |       0 |   0.0
            +---------+---------+-------+---------+---------+-------
        D:1 |      25 |       0 |   0.0 |      15 |       0 |   0.0
        D:2 |       8 |       0 |   0.0 |       5 |       0 |   0.0
            +---------+---------+-------+---------+---------+-------

Illustrated notes

Table legend:
 A = Kills in this place as a percentage of kills in the entire game.
 B = Kills by you in this place as a percentage of kills by you in the entire game.
 C = Kills by friends in this place as a percentage of kills by friends in the entire game.
 D = Other kills in this place as a percentage of other kills in the entire game.
 E = Experience gained in this place as a percentage of experience gained in the entire game.
 F = Experience gained in this place divided by the number of levels of this place that you have seen.
                   A       B       C       D       E      F
               +-------+-------+-------+-------+-------+----------------------
         Total | 100.0 | 100.0 |   N/A |   N/A | 100.0 |  16.5
       Dungeon | 100.0 | 100.0 |   N/A |   N/A | 100.0 |  16.5
               +-------+-------+-------+-------+-------+----------------------

Table legend: (Time is in decaauts)
 A = Elapsed time spent in this place.
 B = Non-inter-level travel time spent in this place.
 C = Inter-level travel time spent in this place.
 D = Time resting spent in this place.
 E = Time spent auto-exploring this place.
 F = Levels seen in this place.
 G = Mean time per level.
                   A        B        C        D        E       F      G
               +--------+--------+--------+--------+--------+-----+--------+
         Total |   1094 |   1069 |     25 |      0 |    904 |   2 |  547.0 |
       Dungeon |   1094 |   1069 |     25 |      0 |    904 |   2 |  547.0 |
               +--------+--------+--------+--------+--------+-----+--------+

Top non-repeatable levels by time:
     D:1: 1010 daAuts
     D:2: 83 daAuts
